 Dungeon Crawl Stone Soup version 0.31-a0-774-g0d66cbabe8 (webtiles) character file.

Game seed: 1651928644455271921

5992 DocEon the Eclecticist (level 10, -2/53 HPs)
             Began as a Deep Elf Conjurer on Sept 17, 2023.
             Was a Priest of Vehumet.
             Succumbed to Erica's bolt of poison
             ... on level 10 of the Dungeon.
             The game lasted 00:19:10 (10135 turns).

DocEon the Eclecticist (Deep Elf Conjurer)         Turns: 10135, Time: 00:19:11

Health: -2/53      AC: 13    Str: 10    XL:     10   Next: 55%
Magic:  17/31      EV: 13    Int: 28    God:    Vehumet [***...]
Gold:   579        SH:  0    Dex: 13    Spells: 25/39 levels left

rFire   + + +        p - +9 rapier of the Hundredfold Beds {spect, *Corrode +Blink rF+++}
rCold   + . .        (no shield)
rNeg    . . .        e - +2 robe {rC+ rF+}
rPois   .            n - +0 helmet
rElec   .            (no cloak)
rCorr   .            x - +1 pair of gloves
SInv    .            c - +1 pair of boots
Will    +....        (no amulet)
Stlth   ++           s - +4 ring of protection
HPRegen 0.28/turn    y - +6 ring of strength
MPRegen 0.22/turn

%: corrode self (3%)
@: lethally poisoned (-2 -> -28)
A: no striking features
a: Renounce Religion, Evoke Blink


You were on level 10 of the Dungeon.
You worshipped Vehumet.
Vehumet was most pleased with you.
You visited 1 branch of the dungeon, and saw 10 of its levels.

You collected 579 gold pieces.

Inventory:

Hand Weapons
 p - the +9 rapier of the Hundredfold Beds (weapon) {spect, *Corrode +Blink rF+++}
   (You found it on level 3 of the Dungeon)

   rF+++:     It renders you almost immune to fire.
   +Blink:    It lets you blink.
   *Corrode:  It may corrode you when you take damage.
Missiles
 d - 6 throwing nets
Armour
 a - a +0 robe
 c - a +1 pair of boots (worn)
 e - a +2 robe of resistance (worn)
 n - a +0 helmet (worn)
 x - a +1 pair of gloves (worn)
Jewellery
 s - a +4 ring of protection (left hand)
 y - a +6 ring of strength (right hand)
Wands
 j - a wand of light (12)
 t - a wand of roots (10)
Scrolls
 q - a scroll of enchant weapon
 r - a scroll of revelation
 u - a scroll of fog
Potions
 b - 2 potions of magic
 g - 3 potions of degeneration
 i - 2 potions of brilliance
 k - a potion of lignification
 l - 2 potions of enlightenment
 m - 2 potions of heal wounds
 o - a potion of mutation
 v - a potion of berserk rage {unknown}
 w - a potion of invisibility {unknown}
 z - a potion of attraction {unknown}


   Skills:
 + Level 1.7 Fighting
 + Level 3.8 Dodging
 + Level 4.0 Stealth
 * Level 15.4 Spellcasting
 * Level 10.6 Conjurations
 - Level 4.0 Hexes
 - Level 2.0 Translocations
 - Level 2.0 Ice Magic


You had 25 spell levels left.
You knew the following spells:

 Your Spells              Type           Power      Damage    Failure   Level
a - Magic Dart            Conj           100%       1d8       1%          1
b - Searing Ray           Conj           100%       2d8       1%          2
c - Fulminant Prism       Conj/Hex       29%        3d14      1%          4
d - Iskenderun's Mystic   Conj/Tloc      54%        2d12      1%          4
e - Hailstorm             Conj/Ice       54%        3d12      1%          3

Your spell library contained the following spells:

 Spells                   Type           Power      Damage    Failure   Level
 Frozen Ramparts          Ice            64%        1d10      1%          3
 Ensorcelled Hibernation  Hex/Ice        76%        N/A       1%          2
 Dazzling Flash           Conj/Hex       100%       N/A       1%          3
 Passwall                 Tmut/Erth      17%        N/A       3%          2
 Swiftness                Air            21%        N/A       7%          3
 Lee's Rapid Deconstruct  Erth           10%        3d8*      17%         5
 Animate Armour           Summ/Erth      42%        N/A       22%         4
 Summon Lightning Spire   Summ/Air       21%        N/A       22%         4


Dungeon Overview and Level Annotations

Branches:
Dungeon (10/15)            Temple (0/1) D:5             Orc (0/2) D:10
   Lair: D:8-11

Altars:
Fedhas
Hepliaklqana
Makhleb
Nemelex Xobeh
Uskayaw
Vehumet
Xom
Yredelemnul
Zin

Annotations:
D:10 Erica


Message History

Erica gestures at you while chanting.
You feel yourself slow down.
Okay, then.
Okay, then.
As you read the scroll of fear, it crumbles to dust.
You assume a fearsome visage.
Erica looks frightened!
Erica gestures wildly while chanting.
Erica flickers and vanishes!
Deactivating autopickup; reactivate with Ctrl-A.
An orc zombie comes into view.
You hear some strange, mumbled words.
A lance of force appears from out of thin air!
The lance of force hits you!
You are knocked back by the lance of force.
You feel much better.
Okay, then.
Casting: Iskenderun's Mystic Blast (dangerous; 1% risk of failure)
Confirm with . or Enter, or press ? or * to list all spells.
You erupt in a blast of force!
The mystic blast hits something!
You feel yourself speed up.
You are confused.
You feel better.
You are confused.
You feel better.
You are no longer corroded.
You hear some strange, mumbled words.
A bolt of poison appears from out of thin air!
The bolt of poison hits you!!
You are poisoned.
Ouch! That really hurt!
* * * LOW HITPOINT WARNING * * *
You feel very sick.
You hear some strange, mumbled words.
A bolt of poison appears from out of thin air!
The bolt of poison hits the orc zombie.
The orc zombie completely resists.
The bolt of poison hits you!
You are lethally poisoned!
* * * LOW HITPOINT WARNING * * *
There is an escape hatch in the ceiling here.
You die...

### ##)# #...######..#
#.)# #..## ###...# ####
#.)# #..# ##.....#
###..# #..##
##..###......## .....#
##..######Z{Z##.........
.....#
##).)....Z.##..........
##...#
#.).).....#...........
#...#
###...)...............
#...#
##>@...............#
##...#
##....#####)......#
>...##
#####...###########.#
..### #####............
### ###
##...........##### #
#.############ ###


You could see 3 orc zombies.

Vanquished Creatures
  Pikel (D:5)
  Joseph (D:10)
  Sigmund (D:6)
  2 wyverns
  2 shadows (D:9)
  2 steam dragons
  Menkaure (D:6)
  An acid dragon (D:10)
  4 water moccasins
  A black bear (D:7)
  5 orc warriors
  2 ice beasts
  3 ogres
  3 phantoms
  A centaur (D:4)
  2 kobold brigands
  2 bullfrogs (D:7)
  A gnoll sergeant (D:6)
  8 wights
  6 killer bees (D:9)
  A howler monkey (D:6)
  A crimson imp (D:9)
  2 hounds (D:6)
  3 jellies
  3 gnoll boudas
  5 orc priests
  2 iguanas
  Ijyb (D:5)
  11 orc wizards
  4 ogre zombies (D:10)
  22 gnolls
  3 adders (D:2)
  2 shadow imps (D:6)
  5 white imps
  2 ufetubi (D:6)
  2 worms
  3 dart slugs
  28 orcs
  5 endoplasms
  2 giant cockroaches
  10 goblins
  3 hobgoblins
  3 jackals (D:2)
  A quokka (D:4)
  6 ball pythons
  4 bats
  6 frilled lizards
  A goblin skeleton (D:10)
  A goblin zombie (D:10)
  A hobgoblin zombie (D:10)
  15 kobolds
  2 orc skeletons (D:10)
  4 orc zombies (D:10)
  5 rats
218 creatures vanquished.

Vanquished Creatures (others)
  45 fulminant prisms
45 creatures vanquished.

Grand Total: 263 creatures vanquished

Notes
Turn   | Place    | Note
-------+----------+-------------------------------------------
     0 | D:1      | DocEon the Deep Elf Conjurer began the quest for the Orb.
     0 | D:1      | Reached XP level 1. HP: 10/10 MP: 6/6
   247 | D:1      | Reached XP level 2. HP: 15/15 MP: 5/8
   250 | D:1      | Learned a level 2 spell: Searing Ray
   731 | D:1      | Reached skill level 4 in Spellcasting
   823 | D:1      | Found a faded altar of an unknown god.
   896 | D:2      | Reached XP level 3. HP: 19/19 MP: 2/10
  1215 | D:2      | Reached skill level 5 in Conjurations
  1411 | D:2      | Reached skill level 5 in Spellcasting
  1441 | D:2      | Reached XP level 4. HP: 24/24 MP: 11/13
  2135 | D:3      | Learned a level 4 spell: Fulminant Prism
  2140 | D:3      | Learned a level 4 spell: Iskenderun's Mystic Blast
  2307 | D:3      | Found a radiant altar of Vehumet.
  2326 | D:3      | Became a worshipper of Vehumet
  2483 | D:3      | Reached XP level 5. HP: 28/28 MP: 6/15
  2626 | D:3      | Identified the +9 rapier of the Hundredfold Beds {spect,
                  | *Corrode +Blink rF+++}
  2660 | D:4      | Noticed a centaur
  2664 | D:4      | Killed a centaur
  2665 | D:4      | Reached skill level 6 in Spellcasting
  2665 | D:4      | Reached skill level 1 in Hexes
  2665 | D:4      | Reached skill level 1 in Translocations
  2815 | D:4      | Noticed an ogre
  2822 | D:4      | Killed an ogre
  2823 | D:4      | Reached XP level 6. HP: 32/32 MP: 4/17
  2932 | D:4      | Identified the +3 scale mail of Ihoaqyek {rElec}
  3507 | D:5      | Entered Level 5 of the Dungeon
  3659 | D:5      | Reached skill level 7 in Spellcasting
  3788 | D:5      | Noticed a water moccasin
  3798 | D:5      | Killed a water moccasin
  3804 | D:5      | Reached XP level 7. HP: 36/36 MP: 5/20
  3873 | D:5      | Noticed Pikel
  3885 | D:5      | Killed Pikel
  3886 | D:5      | Reached skill level 9 in Spellcasting
  4186 | D:5      | Noticed Ijyb
  4194 | D:5      | Killed Ijyb
  4335 | D:5      | Reached XP level 8. HP: 41/41 MP: 17/23
  4668 | D:5      | Found a staircase to the Ecumenical Temple.
  4679 | D:5      | Reached * piety under Vehumet
  4679 | D:5      | Offered knowledge of Kiss of Death by Vehumet.
  4680 | D:5      | Reached skill level 10 in Spellcasting
  5004 | D:5      | Found a blossoming altar of Fedhas.
  5383 | D:6      | Reached skill level 11 in Spellcasting
  5708 | D:6      | Noticed Sigmund
  5999 | D:6      | Noticed Menkaure
  6005 | D:6      | Killed Menkaure
  6006 | D:6      | Reached skill level 12 in Spellcasting
  6006 | D:6      | Reached XP level 9. HP: 24/45 MP: 17/27
  6168 | D:6      | Killed Sigmund
  6439 | D:7      | Reached skill level 13 in Spellcasting
  6758 | D:7      | Reached ** piety under Vehumet
  6902 | D:7      | Reached skill level 14 in Spellcasting
  6908 | D:7      | Offered knowledge of Poisonous Vapours by Vehumet.
  7300 | D:7      | Found a basalt altar of Yredelemnul.
  7300 | D:7      | Found a glowing silver altar of Zin.
  7301 | D:7      | Found a hide-covered altar of Uskayaw.
  7915 | D:8      | Reached XP level 10. HP: 50/50 MP: 26/30
  7963 | D:8      | Offered knowledge of Hailstorm by Vehumet.
  7988 | D:8      | Learned a level 3 spell: Hailstorm
  8360 | D:8      | Reached skill level 10 in Conjurations
  8817 | D:9      | Reached skill level 15 in Spellcasting
  8869 | D:9      | Reached *** piety under Vehumet
  8878 | D:9      | Reached skill level 1 in Ice Magic
  8902 | D:9      | Reached skill level 1 in Fighting
  9239 | D:9      | Found a shimmering altar of Xom.
  9239 | D:9      | Found a burning altar of Makhleb.
  9290 | D:10     | Entered Level 10 of the Dungeon
  9450 | D:10     | Offered knowledge of Frozen Ramparts by Vehumet.
  9662 | D:10     | Found a staircase to the Orcish Mines.
  9673 | D:10     | Noticed Joseph
  9673 | D:10     | Noticed a gargoyle
  9762 | D:10     | Found a hazy altar of Hepliaklqana.
  9763 | D:10     | Found a sparkling altar of Nemelex Xobeh.
 10004 | D:10     | Killed Joseph
 10115 | D:10     | Noticed Erica
 10135 | D:10     | Succumbed to Erica's bolt of poison

Illustrated notes

Levels and vault maps discovered:
D:1:      ebering_trefoil_twist, layout_basic,
          hellmonk_ecumenical_altar_leap_of_faith, grunt_decor_arrowhead
D:2:      layout_rooms, minivault_11
D:3:      layout_loops_ring, overflow_temple_1_default, kennysheep_nondescript,
          chequers_decorated_corner
D:4:      nicolae_cairo_tiling_very_big, layout_basic
D:5:      layout_loops_ring, fedhas_altar_fruit_tree,
          minmay_temple_entry_large_hall, uniq_ijyb, uniq_pikel
D:6:      layout_rooms, uniq_sigmund, uniq_menkaure
D:7:      layout_cave_pools, gammafunk_temple_overflow_claw
D:8:      layout_basic, unseen_surprise_small
D:9:      layout_big_octagon, grunt_temple_overflow_champion_of_chaos
D:10:     layout_layer_cave, nicolae_overflow_crystal_walls,
          mainiacjoe_overflow_divided_tiny, zombieorc1_lemuel, uniq_joseph,
          uniq_erica

Skill      XL: |  1  2  3  4  5  6  7  8  9 10 |
---------------+-------------------------------+-----
Spellcasting   | 4 5 6 7 9 12 14 15 | 15.4
Conjurations   | 5 6 8 9 10 | 10.6
Hexes          | 2 3 4 |  4.0
Translocations | 1 2 |  2.0
Dodging        | 3 |  3.8
Stealth        | 4 |  4.0
Ice Magic      | 2 |  2.0
Fighting       | 1 |  1.7

Action                     |  1- 3 |  4- 6 |  7- 9 | 10-12 || total
---------------------------+-------+-------+-------+-------++-------
  Melee: Rapier            |       |     1 |    11 |    10 ||    22
   Cast: Magic Dart        |    68 |    55 |   168 |    85 ||   376
         Searing Ray       |       |     8 |    14 |     2 ||    24
         Fulminant Prism   |       |     3 |    26 |    16 ||    45
         Iskenderun's Myst |       |     5 |    27 |    28 ||    60
    Use: Scroll            |       |     8 |    10 |     1 ||    19
         Potion            |       |       |     1 |     3 ||     4
   Stab: Sleeping          |       |     1 |       |       ||     1
 Armour: Robe              |     1 |    15 |    37 |    16 ||    69
         Skin              |       |       |     4 |       ||     4
  Dodge: Dodged            |     4 |    20 |    37 |    10 ||    71

Table legend: (Time is in decaauts)
 A = Elapsed time spent in this place.
 B = Non-inter-level travel time spent in this place.
 C = Inter-level travel time spent in this place.
 D = Time resting spent in this place.
 E = Time spent auto-exploring this place.
 F = Levels seen in this place.
 G = Mean time per level.
                   A        B        C        D        E       F      G
               +--------+--------+--------+--------+--------+-----+--------+
         Total |  10144 |   9911 |    233 |   2618 |   5927 |  10 | 1014.4 |
       Dungeon |  10144 |   9911 |    233 |   2618 |   5927 |  10 | 1014.4 |
               +--------+--------+--------+--------+--------+-----+--------+

Top non-repeatable levels by time:
     D:5: 1563 daAuts
     D:6: 1342 daAuts
     D:8: 1202 daAuts
     D:3: 994 daAuts
     D:4: 942 daAuts
     D:7: 939 daAuts
     D:1: 874 daAuts
    D:10: 852 daAuts
     D:2: 777 daAuts
     D:9: 655 daAuts
